 Dungeon Crawl Stone Soup version 0.27-a0-1359-ga2a4dfd6fd (webtiles) character file.

Game seed: 333659594175103294

39 basicallysejuani the Ruffian (level 3, -1/33 HPs)
             Began as a Troll Enchanter on June 29, 2021.
             Was a Follower of Cheibriados.
             Slain by Crazy Yiuf (8 damage)
             ... on level 2 of the Dungeon.
             The game lasted 00:07:46 (1024 turns).

basicallysejuani the Ruffian (Troll Enchanter)      Turns: 1024, Time: 00:07:46

Health: -1/33      AC:  4    Str: 20    XL:     3   Next: 26%
Magic:  3/3        EV: 10    Int: 14    God:    Cheibriados [*.....]
Gold:   73         SH:  0    Dex: 19    Spells: 3/4 levels left

rFire    . . .     SeeInvis +     - Unarmed
rCold    . . .     Faith    .   (no shield)
rNeg     . . .     Spirit   .   b - +0 robe
rPois    .         Reflect  .   (helmet restricted)
rElec    .         Harm     .   (no cloak)
rCorr    .         Rampage  .   (gloves unavailable)
Will     .....                  (boots unavailable)
Stlth    ++........             (no amulet)
HPRegen  1.11/turn              g - +6 ring of dexterity
MPRegen  0.08/turn              d - ring of see invisible

@: lethally poisoned (-1 -> -1), very slow
A: large, unfitting armour, claws 3, regeneration 1, shaggy fur 1, tough skin 1
a: Renounce Religion, Bend Time


You were on level 2 of the Dungeon.
You worshipped Cheibriados.
Cheibriados was aware of your devotion.
You visited 1 branch of the dungeon, and saw 2 of its levels.

You collected 73 gold pieces.

Inventory:

Hand Weapons
 a - a +1 dagger
Armour
 b - a +0 robe (worn)
Jewellery
 c - a ring of protection from fire
 d - a ring of see invisible (right claw)
 g - a +6 ring of dexterity (left claw)
Scrolls
 f - a scroll of magic mapping {unknown}
 h - a scroll of enchant armour {unknown}
 i - 3 scrolls of summoning {unknown}
 j - a scroll of enchant weapon {unknown}
Potions
 e - a potion of heal wounds {unknown}


   Skills:
 - Level 1.4 Fighting
 - Level 0.7 Short Blades
 - Level 1.5 Dodging
 - Level 1.5 Stealth
 * Level 2.1 Unarmed Combat
 - Level 1.2 Spellcasting
 - Level 2.0 Hexes
 + Level 0.0 Invocations


You had 3 spell levels left.
You knew the following spells:

 Your Spells              Type           Power      Damage    Failure   Level
a - Corona                Hex            6%         N/A       12%         1

Your spell library contained the following spells:

 Spells                   Type           Power      Damage    Failure   Level
 Animate Skeleton         Necr           0%         N/A       26%         1
 Apportation              Tloc           0%         N/A       26%         1
 Summon Small Mammal      Summ           0%         N/A       26%         1
 Ensorcelled Hibernation  Hex/Ice        6%         N/A       26%         2
 Confusing Touch          Hex            6%         N/A       34%         3
 Tukima's Dance           Hex            6%         N/A       34%         3
 Call Imp                 Summ           0%         N/A       36%         2
 Dazzling Flash           Conj/Hex       6%         N/A       45%         3
 Summon Guardian Golem    Hex/Summ       3%         N/A       45%         3
 Call Canine Familiar     Summ           0%         N/A       61%         3
 Summon Ice Beast         Ice/Summ       0%         N/A       95%         4
 Summon Lightning Spire   Summ/Air       0%         N/A       95%         4


Dungeon Overview and Level Annotations

Branches:
Dungeon (2/15)

Altars:
Cheibriados

Annotations:
D:2 Crazy Yiuf


Innate Abilities, Weirdness & Mutations

You are too large for most types of armour.
You have claws for hands.
Your natural rate of healing is unusually fast.
You are covered in fur. (AC +1)
You have tough skin. (AC +1)


Message History

i - 3 scrolls labelled BOTIYX VIXU
Okay, then.
You see here a +0 spear.
There is a huge open gate here.
There is a stone staircase leading up here.
You open the door.
There is an open door here.
An endoplasm comes into view.
The helpless endoplasm fails to defend itself.
You claw the endoplasm!
You kill the endoplasm!
Cheibriados thoroughly appreciates the change of pace.
j - a scroll labelled POPHAU AGOCHI
Found a mace.
Found a runed translucent door.
You open the door.
Crazy Yiuf says, "Line arga turtle!"
You scratch Crazy Yiuf but do no damage.
Crazy Yiuf drinks a potion.
Crazy Yiuf seems to grow stronger.
You scratch Crazy Yiuf.
Crazy Yiuf is lightly wounded.
Crazy Yiuf hits you with a +3 quarterstaff of chaos.
You are poisoned.
You scratch Crazy Yiuf but do no damage.
Crazy Yiuf is lightly wounded.
You feel sick.
Crazy Yiuf hits you with a +3 quarterstaff of chaos!!
Ouch! That really hurt!
Crazy Yiuf burns you.
* * * LOW HITPOINT WARNING * * *
You feel sick.
Crazy Yiuf yells, "Rifle song head!"
Crazy Yiuf barely misses you.
You barely miss Crazy Yiuf.
Crazy Yiuf is lightly wounded.
You feel sick.
You claw Crazy Yiuf!
Crazy Yiuf is almost dead.
You feel sick.
Crazy Yiuf hits you with a +3 quarterstaff of chaos!
You die...

#.#.###### #.#..
###.##### ........#
###.#...# ..#.###.##
..#.#....##♣♣♣♣♣
.##.#.#.##...♣.♣♣♣ ###
..#.#.#.......♣.@♣#...#
..#.#........♣♣♣♣g'...#
###.####.#..♣♣ ♣♣#..)#
#.# ####♣♣ ### #.#


You could see Crazy Yiuf (strong).

Vanquished Creatures
  A dart slug (D:1)
  A ball python (D:2)
  6 endoplasms
  6 hobgoblins
  2 jackals (D:1)
  3 kobolds
  A quokka (D:1)
  3 bats
  A frilled lizard (D:2)
  5 goblins (D:1)
  4 rats
33 creatures vanquished.

Notes
Turn   | Place    | Note
-------+----------+-------------------------------------------
     0 | D:1      | basicallysejuani the Troll Enchanter began the quest for
                  | the Orb.
     0 | D:1      | Reached XP level 1. HP: 16/16 MP: 1/1
   118 | D:1      | Reached skill level 1 in Unarmed Combat
   176 | D:1      | Reached XP level 2. HP: 26/26 MP: 2/2
   202 | D:1      | Reached skill level 1 in Fighting
   723 | D:2      | Reached XP level 3. HP: 33/33 MP: 3/3
   742 | D:2      | Found a faded altar of an unknown god.
   746 | D:2      | Became a worshipper of Cheibriados the Contemplative
   746 | D:2      | Reached * piety under Cheibriados
  1012 | D:2      | Found a runed translucent door.
  1013 | D:2      | Noticed Crazy Yiuf
  1024 | D:2      | Slain by Crazy Yiuf

Illustrated notes

Levels and vault maps discovered:
D:1:      lemuel_arrival_river_bridge, layout_rooms, chequers_big_river
D:2:      layout_basic, hellmonk_ecumenical_altar_heavens_door,
          uniq_crazy_yiuf_cottage

Skill      XL: |  1  2  3 |
---------------+----------+-----
Unarmed Combat | 1 2 |  2.1
Fighting       | 1 |  1.4
Short Blades   | |  0.7
Dodging        | |  1.5
Stealth        | |  1.5
Spellcasting   | |  1.2
Hexes          | |  2.0

Action                   || total
-------------------------++-------
Melee: Unarmed           ||    96
       Punch             ||     1
 Stab: Sleeping          ||     4
Armor: Robe              ||    33
Dodge: Dodged            ||    25

Table legend: (Time is in decaauts)
 A = Elapsed time spent in this place.
 B = Non-inter-level travel time spent in this place.
 C = Inter-level travel time spent in this place.
 D = Time resting spent in this place.
 E = Time spent auto-exploring this place.
 F = Levels seen in this place.
 G = Mean time per level.
                   A        B        C        D        E       F      G
               +--------+--------+--------+--------+--------+-----+--------+
         Total |   1127 |    962 |    165 |      0 |    705 |   2 |  563.5 |
       Dungeon |   1127 |    962 |    165 |      0 |    705 |   2 |  563.5 |
               +--------+--------+--------+--------+--------+-----+--------+

Top non-repeatable levels by time:
     D:1: 720 daAuts
     D:2: 406 daAuts
